Map: Eternal Empire LE

Players

soul

  • Race: Terran Terran
  • League: Grandmaster
  • Spawn Location: 7:00

Namshar - Winner!

  • Race: Zerg Zerg
  • League: Grandmaster
  • Spawn Location: 1:00

Event: StayAtHomestory Cup #1

VOD

Have the link to the VOD?

Description

Time

  • Played on: April 11, 2020, 9:32 a.m.
  • Length: 23:03

All games in this series

Show
View Real Time Build Order
Export as new Build Order

soul Terran 

Build Orders: Reaper Expand 

Get SALT Encoding   

  12  0:00  SCV  
  13  0:13  SCV  
  14  0:17  Supply Depot  
  14  0:25  SCV  
  15  0:38  SCV  
  15  0:40  Barracks  
  16  0:44  Refinery  
  16  0:50  SCV  
  17  1:03  SCV  
  18  1:15  SCV  
  19  1:27  Orbital Command, Reaper  
  20  1:41  Command Center  
  20  1:51  Supply Depot  
  20  1:53  SCV  
  21  1:59  Marine  
  22  2:05  SCV  
  23  2:10  Factory  
  23  2:15  Refinery  
  23  2:17  SCV  
  23  2:21  Barracks Reactor  
  24  2:28  Bunker  
  24  2:31  SCV  
  25  2:43  SCV  
  26  2:55  SCV, Orbital Command  
  26  2:56  Starport  
  27  3:05  Hellion  
  29  3:07  SCV  
  29  3:08  Hellion  
  32  3:19  Marine, SCV  
  34  3:22  SCV  
  35  3:29  Hellion  
  35  3:30  Hellion  
  35  3:31  SCV  
  40  3:34  SCV  
  40  3:36  Fusion Core  
  41  3:41  Supply Depot  
  41  3:43  SCV  
  41  3:46  SCV  
  43  3:52  Hellion  
  43  3:55  Starport Tech Lab  
  45  3:56  SCV  
  45  4:01  SCV  
  46  4:03  Hellion  
  46  4:05  Supply Depot  
  46  4:08  SCV, Supply Depot  
  46  4:09  Barracks Tech Lab  
  48  4:14  SCV  
  49  4:20  SCV  
  50  4:26  SCV  
  50  4:27  Battlecruiser  
  57  4:33  Supply Depot  
  57  4:38  SCV  
  58  4:43  Marine x2  
  63  4:47  SCV  
  63  4:50  Supply Depot  
  64  4:57  SCV, Command Center  
  64  4:59  SCV  
  63  5:08  Barracks  
  63  5:09  Factory Reactor, Barracks, Engineering Bay  
  63  5:10  Engineering Bay  
  63  5:11  SCV  
  63  5:12  SCV  
  65  5:16  Stimpack  
  65  5:19  Marine  
  66  5:23  SCV  
  66  5:24  SCV  
  66  5:27  Refinery  
  66  5:28  Refinery  
  66  5:30  Supply Depot  
  66  5:35  SCV  
  67  5:36  SCV  
  67  5:37  Terran Infantry Weapons Level 1  
  67  5:39  Terran Infantry Armor Level 1  
  67  5:40  Starport Reactor  
  68  5:46  Missile Turret  
  68  5:47  SCV, Missile Turret  
  69  5:50  SCV  
  70  5:57  Marine x2  
  70  5:59  SCV  
  70  6:02  Marine, SCV, Missile Turret  
  75  6:04  Marine  
  75  6:05  Marine  
  75  6:07  Siege Tank  
  80  6:15  Marine x2  
  80  6:17  SCV  
  73  6:19  Marine  
  73  6:20  Medivac  
  73  6:21  Medivac  
  73  6:22  Marine, SCV  
  73  6:23  Marine  
  81  6:29  SCV  
  82  6:33  Marine x2  
  82  6:34  SCV  
  82  6:35  Supply Depot  
  82  6:36  Supply Depot  
  82  6:37  Marine  
  82  6:39  Marine  
  86  6:41  SCV  
  86  6:42  Marine  
  86  6:46  SCV  
  90  6:52  Marine, Orbital Command  
  90  6:53  SCV  
  92  6:56  Combat Shield  
  92  6:58  SCV  
  92  7:00  Siege Tank  
  96  7:01  Marine  
  96  7:03  Marine  
  96  7:04  Marine  
  96  7:07  SCV  
  99  7:11  Medivac x2  
  103  7:16  SCV  
  103  7:17  SCV  
  103  7:18  Barracks x2  
  103  7:19  SCV  
  106  7:24  Refinery  
  106  7:27  Factory  
  106  7:28  Armory  
  106  7:30  SCV  
  106  7:32  SCV  
  106  7:33  SCV  
  109  7:40  Marine x5  
  109  7:42  SCV  
  109  7:43  Supply Depot  
  115  7:45  SCV x2, Siege Tank  
  115  7:47  Supply Depot  
  119  7:54  SCV  
  119  7:58  Marine, Command Center  
  120  7:59  Medivac  
  120  8:01  Marine  
  124  8:06  Marine  
  124  8:08  Marine x2, Barracks Reactor  
  124  8:09  Medivac  
  124  8:10  Supply Depot  
  129  8:13  Barracks Reactor  
  129  8:15  Supply Depot  
  129  8:16  Marine  
  129  8:17  SCV x2, Siege Tank  
  129  8:18  Marine  
  136  8:20  SCV, Refinery  
  136  8:24  Marine  
  136  8:26  Marine  
  139  8:29  SCV, Marine  
  139  8:34  Marine  
  141  8:35  Medivac  
  134  8:42  Marine x2  
  134  8:44  Marine, Terran Infantry Armor Level 2  
  134  8:46  Marine x2  
  134  8:47  Marine  
  140  8:50  Terran Infantry Weapons Level 2  
  140  8:51  Marine  
  140  8:53  Supply Depot  
  140  8:54  Supply Depot  
  140  8:55  Marine  
  142  8:57  Marine  
  142  8:59  Marine  
  142  9:00  Marine  
  142  9:02  Marine  
  143  9:03  Factory Reactor  
  143  9:04  Marine x2, Supply Depot  
  143  9:05  Marine  
  143  9:09  Marine  
  145  9:10  Drilling Claws  
  145  9:13  Marine  
  145  9:14  SCV  
  145  9:15  Marine  
  148  9:17  Marine x2  
  147  9:25  Marine  
  147  9:28  Marine x4  
  147  9:29  Widow Mine  
  147  9:31  Marine, SCV  
  145  9:33  Marine  
  145  9:34  SCV  
  145  9:35  Marine x2  
  145  9:36  Missile Turret  
  145  9:38  Missile Turret  
  140  9:39  Widow Mine  
  140  9:42  Planetary Fortress  
  140  9:43  Marine  
  130  9:46  Medivac x2  
  130  9:49  SCV x2  
  130  9:50  Thor, Widow Mine  
  130  9:51  SCV  
  141  9:54  Missile Turret, Terran Vehicle And Ship Armor Level 1  
  141  10:01  Widow Mine  
  141  10:05  Missile Turret  
  141  10:06  Missile Turret  
  142  10:10  Marine x8  
  147  10:16  Missile Turret  
  147  10:19  Medivac  
  147  10:20  Missile Turret  
  149  10:24  Medivac  
  149  10:25  Marine  
  150  10:32  Widow Mine  
  150  10:33  Widow Mine  
  150  10:35  Widow Mine  
  153  10:45  Command Center  
  153  10:46  Sensor Tower  
  153  10:49  SCV x3  
  156  10:53  Widow Mine  
  156  10:55  Widow Mine  
  156  10:56  Marine x8, Widow Mine, Marauder  
  172  11:00  Missile Turret  
  172  11:02  Unknown  
  172  11:12  Barracks  
  172  11:13  Marine  
  172  11:14  Marine, Barracks x2  
  172  11:15  Widow Mine  
  172  11:16  Sensor Tower, Widow Mine  
  172  11:17  Marauder  
  182  11:18  Widow Mine  
  181  11:27  Terran Infantry Armor Level 3, Terran Infantry Weapons Level 3  
  181  11:36  Widow Mine  
  181  11:38  Widow Mine  
  185  11:40  Command Center  
  185  11:41  Marauder  
  185  11:44  Marine  
  157  11:51  Marine  
  157  11:52  Marine x3  
  155  11:57  Marine x3  
  155  12:01  Widow Mine  
  160  12:02  Marine  
  160  12:03  Marauder  
  160  12:04  Marine x2, Widow Mine  
  159  12:09  Marine x2  
  159  12:10  Orbital Command  
  151  12:17  Marine x5, Medivac  
  151  12:20  Marine  
  151  12:22  Marine x2  
  147  12:24  Marauder  
  147  12:27  Marine x2  
  138  12:35  Marine x5  
  143  12:38  Marine, Medivac  
  143  12:39  Marine  
  147  12:45  Marauder  
  147  12:47  Widow Mine, Barracks Tech Lab  
  147  12:50  Medivac  
  148  12:54  SCV x3  
  148  12:57  Planetary Fortress  
  151  12:58  Widow Mine  
  153  13:06  SCV x3  
  153  13:09  Widow Mine  
  153  13:11  Widow Mine  
  157  13:18  SCV x3  
  157  13:19  Medivac  
  162  13:20  Medivac, Widow Mine  
  166  13:29  Orbital Command  
  166  13:30  SCV x2, Widow Mine  
  166  13:32  Missile Turret  
  166  13:33  Marauder x2, Barracks Tech Lab  
  166  13:34  Missile Turret  
  174  13:35  Barracks Tech Lab  
  174  13:41  Ghost Academy  
  174  13:42  Supply Depot  
  174  13:43  Widow Mine  
  174  13:44  Supply Depot  
  176  13:48  Widow Mine  
  176  13:49  Medivac  
  176  13:53  Marine, Command Center  
  176  13:54  Marauder x3  
  185  13:58  Medivac  
  185  14:01  Widow Mine  
  185  14:09  Command Center  
  179  14:17  Refinery  
  179  14:18  Refinery  
  179  14:19  Medivac  
  179  14:23  Command Center  
  185  14:26  Neosteel Armor  
  185  14:28  Marine  
  185  14:29  Marauder  
  186  14:32  Widow Mine  
  186  14:36  Marine  
  188  14:42  Marine  
  188  14:45  Marine  
  183  14:47  Marine, Marauder x3, Unknown x3  
  183  14:50  Marine, Marauder  
  194  14:58  Terran Vehicle And Ship Armor Level 2  
  194  14:59  Marine, Personal Cloaking  
  187  15:06  Concussive Shells  
  181  15:09  Marauder x3  
  181  15:12  Marauder  
  184  15:21  Widow Mine  
  184  15:27  Orbital Command  
  186  15:31  Widow Mine  
  195  15:44  Missile Turret  
  195  15:45  Sensor Tower  
  168  15:50  Marine  
  168  15:51  Widow Mine  
  163  15:58  Marine  
  163  15:59  Marine x6  
  163  16:03  Unknown x3  
  163  16:04  Marauder x2  
  170  16:06  Unknown  
  170  16:07  Widow Mine x2, Marauder  
  170  16:08  Marine  
  170  16:11  Missile Turret x2  
  176  16:13  Widow Mine  
  176  16:15  Marine  
  176  16:17  Marine x6  
  183  16:20  Missile Turret  
  183  16:22  Missile Turret x2  
  183  16:25  Marauder x2  
  188  16:26  Marine  
  188  16:27  Refinery  
  188  16:28  Marine  
  188  16:29  Planetary Fortress  
  188  16:30  Refinery  
  188  16:31  Marine  
  188  16:32  Unknown  
  189  16:33  Marine, Orbital Command  
  192  16:40  Widow Mine  
  192  16:42  Marine  
  192  16:46  Marauder  
  194  16:49  Widow Mine  
  194  16:53  Command Center x2  
  196  16:56  Marine, Marauder  
  199  17:04  Marauder  
  199  17:07  SCV x2  
  200  17:22  Marine, Marauder  
  191  17:25  Marine  
  191  17:26  Marauder  
  191  17:28  SCV  
  189  17:33  Marine x5, Marauder  
  181  17:37  Marine  
  181  17:40  Marine  
  174  17:44  Marauder  
  174  17:47  Marine  
  174  17:50  Marine  
  174  17:51  Marine  
  171  17:52  Marine x3  
  171  17:54  Marine  
  171  17:55  Marine  
  171  17:58  Marine, Starport Reactor  
  167  18:04  Marine  
  167  18:05  Marine  
  169  18:08  Marine, Command Center  
  169  18:09  Marine x2  
  169  18:10  Marine  
  170  18:13  Marine, Marauder  
  170  18:14  Marine  
  174  18:20  Marine  
  174  18:21  Widow Mine  
  174  18:23  Marauder  
  162  18:34  Marine, Marauder  
  162  18:36  Marine  
  162  18:40  Marine  
  162  18:41  Marine  
  143  18:42  Marine x3  
  143  18:44  Marauder  
  124  18:52  Marine, Medivac x2  
  124  18:54  Marine  
  123  18:56  Marauder  
  123  18:57  Marine  
  123  18:58  Widow Mine  
  123  18:59  Marine x4  
  124  19:06  Marauder  
  124  19:08  Widow Mine  
  126  19:10  Marine  
  126  19:11  Marine, Widow Mine  
  126  19:15  SCV x4, Marine  
  126  19:16  Marine  
  136  19:17  SCV  
  142  19:27  SCV x2  
  142  19:28  Marine  
  142  19:29  Marine  
  141  19:32  Thor, Widow Mine x2  
  141  19:33  SCV  
  141  19:38  Marine, Marauder  
  149  19:51  Marine  
  149  19:53  Widow Mine x2  
  149  19:58  Marine  
  149  19:59  Marauder  
  156  20:00  Unknown  
  156  20:01  Marauder  
  156  20:04  Marine  
  155  20:12  Marine  
  155  20:14  Widow Mine  
  155  20:15  Marine x4, Medivac x2, Widow Mine  
  155  20:16  Marine  
  155  20:21  SCV, Marauder  
  168  20:22  SCV x3, Marauder  
  170  20:34  Widow Mine  
  168  20:40  Missile Turret  
  166  20:43  Sensor Tower  
  165  20:56  Marine, Widow Mine  
  172  20:57  Barracks Tech Lab x2  
  172  21:00  Medivac  
  172  21:03  Medivac  
  169  21:07  Marine x3  
  169  21:08  Marine  
  147  21:14  Marine  
  147  21:15  Marine  
  147  21:17  Reaper  
  110  21:25  Marine x3, Unknown x2  
  101  21:26  Marine, Widow Mine x3  
  101  21:30  Medivac  
  101  21:32  Marine x2  
  107  21:43  Marine x3  
  109  21:47  Widow Mine x2  
  109  21:48  Marine  
  109  21:49  Marauder  
  109  21:50  Marine  
  109  21:51  Marauder  
  109  21:53  Medivac, Marauder, Unknown x2  
  109  21:54  Marauder  
  106  21:56  Widow Mine  
  106  22:00  Medivac  
  106  22:01  Marine x3  
  115  22:08  SCV x2  
  115  22:09  Widow Mine x2  
  115  22:15  Orbital Command  
  122  22:21  Barracks Tech Lab  
  122  22:22  Marauder x4  
  127  22:27  Sensor Tower, Missile Turret  
  127  22:33  Widow Mine x2  
  127  22:37  Widow Mine  
  133  22:38  SCV  
Show
View Real Time Build Order
Export as new Build Order

Namshar Zerg - Winner!

Build Orders: Hatch First, Muta Ling Bane 

Get SALT Encoding   

  12  0:01  Drone  
  13  0:12  Overlord  
  13  0:17  Drone  
  14  0:30  Drone x2  
  16  0:48  Hatchery  
  15  0:51  Drone  
  15  0:55  Drone  
  17  0:58  Drone  
  18  1:09  Extractor  
  17  1:14  Spawning Pool  
  17  1:17  Drone  
  17  1:20  Drone  
  18  1:27  Drone  
  19  1:38  Drone  
  20  1:51  Overlord  
  20  2:00  Queen x2  
  24  2:01  Zergling x2  
  24  2:02  Zergling x2  
  26  2:12  Drone x2  
  28  2:18  Metabolic Boost  
  29  2:22  Drone  
  29  2:23  Drone  
  30  2:34  Overlord  
  30  2:36  Queen  
  32  2:40  Queen  
  34  2:48  Drone x2  
  34  2:50  Overlord  
  36  2:58  Drone x2  
  39  3:05  Drone x2  
  39  3:11  Drone x3  
  43  3:19  Lair  
  43  3:20  Drone  
  43  3:25  Extractor  
  43  3:30  Drone x3  
  46  3:36  Overlord  
  46  3:41  Drone  
  47  3:50  Drone x6, Baneling Nest  
  47  3:52  Extractor x2  
  50  4:04  Drone  
  51  4:10  Drone  
  51  4:11  Drone  
  51  4:13  Drone  
  54  4:17  Spire  
  54  4:20  Hatchery, Drone x2  
  54  4:21  Drone  
  55  4:25  Overlord x2  
  55  4:32  Zergling x6  
  58  4:39  Zergling x2  
  58  4:40  Zergling x2  
  58  4:41  Baneling x2  
  59  4:46  Drone  
  59  4:47  Drone  
  58  5:01  Drone x4  
  58  5:05  Overseer  
  62  5:13  Overlord  
  62  5:14  Drone  
  62  5:15  Drone  
  62  5:17  Evolution Chamber  
  62  5:20  Zergling x2, Evolution Chamber  
  62  5:21  Zergling x2  
  64  5:31  Mutalisk x2  
  64  5:33  Queen  
  64  5:35  Mutalisk x2  
  74  5:39  Queen  
  76  5:45  Mutalisk x2  
  76  5:47  Centrifical Hooks  
  80  5:54  Spore Crawler, Drone  
  80  5:55  Drone  
  80  5:56  Spore Crawler  
  80  5:58  Drone x2  
  80  5:59  Overlord x3  
  78  6:22  Extractor x2  
  78  6:24  Drone x6  
  81  6:31  Drone x7  
  85  6:35  Drone x2  
  87  6:44  Zerg Ground Armor Level 1, Zerg Melee Weapons Level 1  
  87  6:46  Hatchery, Drone  
  86  6:49  Drone x7  
  86  6:53  Spore Crawler  
  92  6:54  Overlord  
  92  6:59  Zerg Flyer Weapons Level 1  
  92  7:15  Overlord x2  
  92  7:19  Mutalisk x7  
  106  7:25  Mutalisk x2  
  106  7:26  Mutalisk  
  106  7:28  Zergling x2  
  106  7:29  Baneling  
  113  7:30  Baneling  
  113  7:31  Overlord  
  113  7:38  Overlord  
  113  7:43  Drone x4  
  117  7:44  Zergling x12  
  117  7:51  Unknown  
  122  8:03  Queen  
  121  8:07  Drone x3  
  121  8:11  Zergling x2, Drone  
  121  8:12  Zergling x24  
  138  8:14  Baneling x10  
  134  8:33  Zergling x10  
  134  8:34  Zergling x6  
  141  8:39  Zergling x4  
  141  8:40  Zergling x4  
  139  8:42  Zerg Melee Weapons Level 2, Zerg Ground Armor Level 2  
  139  8:51  Zergling x18  
  146  8:57  Drone  
  145  9:09  Baneling  
  144  9:10  Baneling x4, Overlord x3  
  144  9:11  Zergling x16  
  139  9:26  Zergling x2  
  139  9:27  Zergling x14  
  138  9:39  Mutalisk x5  
  148  9:48  Zerg Flyer Weapons Level 2  
  148  9:50  Drone x6  
  154  9:55  Queen  
  154  9:59  Drone  
  158  10:00  Drone, Infestation Pit  
  158  10:01  Baneling x8  
  158  10:02  Hatchery  
  148  10:22  Zergling x26  
  153  10:30  Zergling x2  
  153  10:33  Pneumatized Carapace  
  153  10:34  Overseer  
  154  10:37  Overseer  
  154  10:38  Hive  
  154  10:40  Baneling x11  
  154  10:44  Drone  
  154  10:45  Drone x3, Unknown  
  157  10:54  Zergling x10  
  161  11:04  Zergling x12  
  165  11:06  Overlord x3  
  165  11:07  Overlord  
  165  11:08  Drone  
  165  11:10  Hatchery, Baneling  
  165  11:11  Baneling x3  
  165  11:23  Drone x2  
  165  11:24  Drone x2  
  164  11:28  Drone  
  164  11:29  Zergling x24  
  174  11:43  Zergling x14  
  168  11:57  Zergling x22  
  168  11:59  Zerg Ground Armor Level 3, Zerg Melee Weapons Level 3  
  168  12:00  Ultralisk Cavern  
  157  12:21  Zergling x26  
  132  12:32  Adrenal Glands  
  126  12:42  Ultralisk Cavern, Drone x3  
  125  12:44  Zergling x30  
  139  12:56  Queen, Chitinous Plating  
  141  13:00  Extractor  
  141  13:01  Baneling x17  
  140  13:06  Mutalisk  
  140  13:07  Mutalisk x5  
  140  13:12  Drone x2  
  153  13:17  Drone x2  
  153  13:18  Drone x4  
  159  13:21  Mutalisk x3  
  161  13:38  Drone  
  162  13:43  Hatchery  
  162  13:44  Drone  
  162  13:46  Spore Crawler, Baneling x5  
  161  13:52  Hatchery  
  152  14:01  Drone x6  
  158  14:04  Spine Crawler  
  158  14:05  Spore Crawler  
  158  14:07  Overseer  
  156  14:15  Anabolic Synthesis  
  156  14:18  Baneling x5  
  156  14:19  Ultralisk  
  156  14:21  Ultralisk x3  
  180  14:33  Ultralisk x2  
  185  14:48  Drone  
  185  14:49  Drone x6  
  185  15:04  Drone  
  186  15:08  Zerg Flyer Weapons Level 3  
  184  15:21  Queen x2  
  184  15:22  Drone  
  184  15:25  Mutalisk x2  
  184  15:26  Zergling x2  
  184  15:27  Zergling x14  
  199  15:36  Hatchery  
  199  15:42  Zergling x10  
  188  15:54  Zergling x26  
  167  16:06  Mutalisk x12  
  191  16:16  Baneling x18  
  191  16:23  Baneling x9  
  191  16:25  Mutalisk x4  
  192  16:40  Baneling x7  
  192  16:43  Zergling x8  
  196  16:49  Hatchery  
  196  16:51  Overseer x3  
  196  16:53  Zergling x10  
  198  17:15  Zergling x2  
  198  17:16  Zergling x2  
  178  17:33  Zergling x48  
  192  17:43  Zergling x24  
  180  18:04  Hatchery  
  179  18:15  Baneling x10  
  179  18:16  Baneling x12  
  179  18:17  Ultralisk x2  
  179  18:18  Overlord x2  
  191  18:25  Baneling x11  
  186  18:28  Zergling x20  
  167  18:41  Zergling x12  
  167  18:42  Zergling x16  
  167  18:45  Zergling x8  
  173  18:54  Zergling x14  
  176  19:08  Overseer x2  
  175  19:12  Baneling x6  
  175  19:13  Baneling x8  
  175  19:15  Zergling x18  
  175  19:16  Zergling x10  
  188  19:29  Overseer  
  182  19:42  Zergling x10  
  182  19:43  Zergling x24  
  192  20:17  Spore Crawler, Drone x8  
  192  20:18  Spine Crawler  
  191  20:32  Drone x4  
  191  20:33  Drone x2  
  192  20:46  Zergling x14  
  199  20:58  Baneling x2  
  199  20:59  Baneling x8  
  199  21:06  Hatchery  
  199  21:10  Zergling x2  
  199  21:11  Zergling x26  
  172  21:13  Hatchery  
  172  21:15  Zergling x34  
  162  21:20  Zergling x32  
  162  21:23  Zergling x2  
  162  21:24  Zergling x6  
  170  21:28  Zergling x6  
  170  21:31  Mutalisk x4  
  177  21:36  Mutalisk  
  177  21:37  Mutalisk x2  
  182  21:40  Zergling x6  
  176  21:55  Mutalisk x3  
  186  22:10  Extractor  
  186  22:11  Extractor, Drone x2  
  186  22:12  Drone x3  
  186  22:14  Drone x3, Unknown  
  191  22:16  Zergling x4  
  191  22:17  Zergling x12  
  191  22:19  Baneling x12  
  193  22:25  Zergling x12  
Tags
 
Add a new tag
Caveats
  • Supply blocks, unpowered buildings, or Contaminate may cause inaccurate times.
  • Supply counts are checked every 10 seconds.